 Dungeon Crawl Stone Soup version 0.30.1-4-g462c640d31 (webtiles) character file.

Game seed: 18323687022179619

28534 Nick1 the Cleaver (level 13, 0/103 HPs)
             Began as a Formicid Fighter on Sept 14, 2023.
             Was a High Priest of Okawaru.
             Slain by a death yak (13 damage)
             ... on level 5 of the Lair of Beasts on Sept 15, 2023.
             The game lasted 01:06:09 (11086 turns).

Nick1 the Cleaver (Formicid Fighter)               Turns: 11086, Time: 01:06:09

Health: 0/103      AC: 22    Str: 32    XL:     13   Next: 74%
Magic:  20/20      EV:  8    Int:  8    God:    Okawaru [*****.]
Gold:   587        SH:  8    Dex: 11    Spells: 12/12 levels left

rFire   + . .        R - +3 battleaxe
rCold   . . .        I - +2 buckler {rPois}
rNeg    . . .        x - +0 plate armour
rPois   +            (helmet unavailable)
rElec   .            l - +0 cloak
rCorr   .            F - +2 pair of gloves
SInv    +            j - +2 pair of boots
Will    +....        k - amulet of regeneration Stlth
                     h - +6 ring of strength
HPRegen 1.17/turn    s - +4 ring of slaying
MPRegen 0.17/turn

%: clarity
@: mighty
A: permanent stasis, dig shafts and tunnels, antennae 3, four strong arms, claws
1, clarity, clumsy 1, fire resistance 1
a: Dig, Shaft Self, Renounce Religion, Heroism, Finesse, Duel


You were on level 5 of the Lair of Beasts.
You worshipped Okawaru.
Okawaru was extremely pleased with you.
You visited 3 branches of the dungeon, and saw 14 of its levels.
You also visited: Sewer and Ossuary.

You collected 817 gold pieces.
You spent 230 gold pieces at shops.

Inventory:

Hand Weapons
 b - a +2 trident of venom
 A - a +0 scythe
 H - a +1 falchion of holy wrath
 L - a +2 hand axe of flaming
 R - a +3 battleaxe (weapon)
 Z - the +9 falchion of Mana {drain, Str+4}
   (You found it on level 2 of the Lair of Beasts)

   Str:       It affects your strength (+4).
Missiles
 J - 9 poisoned darts (quivered)
 O - 5 curare-tipped darts
 Q - a boomerang
 W - 5 silver javelins
 Y - 4 javelins
Armour
 j - a +2 pair of boots (worn)
 l - a +0 cloak (worn)
 x - a +0 plate armour (worn)
 F - a +2 pair of gloves (worn)
 I - a +2 buckler of poison resistance (worn)
 M - +0 steam dragon scales
Jewellery
 e - an amulet of magic regeneration
 h - a +6 ring of strength (left hand)
 k - an amulet of regeneration (around neck)
 s - a +4 ring of slaying (right hand)
 E - an amulet of the acrobat
 S - an amulet of faith
Wands
 c - a wand of light (6)
 m - a wand of mindburst (17)
 n - a wand of flame (13)
 B - a wand of iceblast (10)
 N - a wand of paralysis (3)
 X - a wand of digging (5)
Scrolls
 f - 4 scrolls of amnesia
 g - 3 scrolls of enchant weapon
 i - 2 scrolls of silence
 p - a scroll of identify
 r - 2 scrolls of enchant armour
 v - 4 scrolls of immolation
 w - 2 scrolls of poison
 y - 3 scrolls of brand weapon
 C - 2 scrolls of summoning
 G - 4 scrolls of fear
 K - 2 scrolls of vulnerability {unknown}
 U - 2 scrolls of fog {unknown}
Potions
 a - 2 potions of magic {unknown}
 d - 6 potions of might
 o - 6 potions of curing
 t - a potion of ambrosia
 z - 2 potions of heal wounds {unknown}
 D - 5 potions of brilliance
 P - 3 potions of attraction {unknown}
 T - 2 potions of lignification {unknown}
 V - a potion of invisibility


   Skills:
 + Level 9.9 Fighting
 + Level 14.8 Axes
 + Level 7.5 Throwing
 + Level 9.0 Armour
 + Level 1.5 Dodging
 + Level 0.7 Stealth
 + Level 9.1 Shields
 * Level 9.3 Invocations
 + Level 0.4 Evocations


You had 12 spell levels left.
You didn't know any spells.
Your spell library contained the following spells:

 Spells                   Type           Power      Damage    Failure   Level
 Kiss of Death            Conj/Necr      0%         2d5       97%         1
 Magic Dart               Conj           0%         1d3       97%         1
 Sandblast                Erth           0%         2d4       97%         1
 Sting                    Tmut/Pois      0%         1d3       97%         1
 Lesser Beckoning         Tloc           0%         N/A       99%         2
 Passwall                 Tmut/Erth      0%         N/A       99%         2
 Poisonous Vapours        Pois/Air       0%         N/A       99%         2
 Sublimation of Blood     Necr           0%         N/A       99%         2
 Wereblood                Tmut           0%         N/A       99%         2
 Confusing Touch          Hex            0%         N/A       100%        3
 Frozen Ramparts          Ice            0%         1d1       100%        3
 Gell's Gravitas          Tloc           0%         N/A       100%        3
 Ignite Poison            Fire/Tmut/Pois 0%         N/A       100%        3
 Inner Flame              Hex/Fire       0%         N/A       100%        3
 Mephitic Cloud           Conj/Pois/Air  0%         N/A       100%        3
 Spider Form              Tmut/Pois      0%         N/A       100%        3
 Stone Arrow              Conj/Erth      0%         3d7       100%        3
 Teleport Other           Tloc           0%         N/A       100%        3
 Dispel Undead            Necr           0%         3d6       100%        4
 Ice Form                 Ice/Tmut       0%         N/A       100%        4
 Olgreb's Toxic Radiance  Pois           0%         N/A       100%        4
 Alistair's Intoxication  Tmut/Pois      0%         N/A       100%        5
 Arcjolt                  Conj/Air       0%         1d10      100%        5
 Yara's Violent Unravell  Hex/Tmut       0%         3d3       100%        5
 Enfeeble                 Hex            0%         N/A       100%        7
 Lehudib's Crystal Spear  Conj/Erth      0%         10d2      100%        8
 Maxwell's Capacitive Co  Air            0%         ∞         100%        8
 Call Imp                 Summ           Unusable   N/A       N/A         2
 Vhi's Electric Charge    Tloc/Air       Unusable   N/A       N/A         3
 Animate Armour           Summ/Erth      Unusable   N/A       N/A         4
 Summon Ice Beast         Ice/Summ       Unusable   N/A       N/A         4
 Summon Hydra             Summ           Unusable   N/A       N/A         7

Dungeon Overview and Level Annotations

Branches:
Dungeon (8/15)             Temple (1/1) D:6            Lair (5/5) D:8
 Shoals (0/4) Lair:3       Spider (0/4) Lair:3        Slime (0/5) Lair:4
  Sewer (visited)         Ossuary (visited)

Altars:
Ashenzari
Cheibriados
Dithmenos
Elyvilon
Gozag
Hepliaklqana
Kikubaaqudgha
Makhleb
Nemelex Xobeh
Okawaru
Qazlal
Ru
Sif Muna
Uskayaw
Vehumet
Wu Jian
Xom
Yredelemnul
Zin
The Shining One

Shops:
D:2 [   D:5 :

Portals:
Abyss: D:7

Annotations:
D:6 1 runed translucent door, gay420's ghost, novice DECj
D:7 2 transporters, monsoonserge's ghost, novice DsMo


Innate Abilities, Weirdness & Mutations

You cannot be hasted, slowed, berserked, paralysed or teleported.
You can dig through walls and to a lower floor.
You have a pair of large antennae on your head. (SInv)
Your four strong arms can wield two-handed weapons with a shield.
You have sharp fingernails.
You possess an exceptional clarity of mind.
You are clumsy. (Dex -2)
Your flesh is heat resistant. (rF+)


Message History

The yak gores you!
The yak bellows!
You slice the death yak!!
The death yak is moderately wounded.
You slice the death yak!! You slice the yak!!
You kill the yak!
Okawaru accepts your kill. The death yak gores you. x2
You hit the death yak.
The death yak is moderately wounded.
You hit the death yak but do no damage. You slice the yak!!
The death yak gores you but does no damage.
The yak closely misses you. The death yak barely misses you.
You slash the death yak!
The death yak is heavily wounded.
You barely miss the death yak. You closely miss the yak.
You barely miss the death yak. The death yak gores you!
The yak gores you but does no damage. The death yak gores you!
* * * LOW HITPOINT WARNING * * *
The death yak gores you.
* * * LOW HITPOINT WARNING * * *
You feel very mighty all of a sudden. The death yak completely misses you.
The death yak gores you!
* * * LOW HITPOINT WARNING * * *
The death yak gores you but does no damage.
You feel better.
The death yak gores you but does no damage.
You block the death yak's attack.
The death yak gores you but does no damage.
You slash the death yak!
The death yak is severely wounded.
You slash the death yak! You barely miss the death yak. You slice the yak!!
You kill the yak!
Okawaru accepts your kill.
You slash the death yak! The death yak gores you.
* * * LOW HITPOINT WARNING * * *
The death yak gores you!
* * * LOW HITPOINT WARNING * * *
The death yak gores you!
You die...

.Y .##.. .... #{
#... ##. ##..# #...
#..# ### ##..Y###.#
###.##
#..(YY@Y.####....##
#..###YYY.P##......#
###P..#......##
##.....##..#
###.###...#
#######...##
#P.###...##
#......##
###......###.


You could see 4 death yaks and 3 yaks.

Vanquished Creatures
  Gastronok (Lair:2)
  2 catoblepae
  2 death yaks (Lair:5)
  A pharaoh ant (Lair:3)
  5 elephants (Lair:2)
  A merfolk siren (Lair:3)
  2 black mambas
  10 cane toads
  A torpor snail (Lair:4)
  A rime drake (Lair:3)
  11 komodo dragons
  16 blink frogs
  Grinder (D:4)
  2 polar bears
  Sigmund (D:5)
  3 wyverns
  21 yaks
  Eustachio (D:4)
  4 steam dragons
  3 basilisks
  3 redbacks (Lair:3)
  Menkaure (D:5)
  3 wargs (D:8)
  9 water moccasins
  3 black bears
  4 sky beasts (D:7)
  22 wolves
  2 ogres (D:5)
  A centaur (D:8)
  Blork the orc (D:4)
  2 kobold brigands
  12 bullfrogs
  2 scorpions
  10 wights
  2 electric eels
  5 hounds
  4 jellies
  12 orc priests
  A sleepcap (D:6)
  Jessica (D:2)
  Natasha (thrice) (D:2)
  5 iguanas
  8 orc wizards
  13 mummies (Ossuary)
  19 adders
  3 gnolls (D:7)
  A river rat (D:3)
  2 shadow imps
  2 white imps
  2 ufetubi
  4 worms
  3 dart slugs
  37 orcs
  18 ball pythons
  11 bats
  7 endoplasms
  2 giant cockroaches (D:3)
  13 goblins
  16 hobgoblins
  4 jackals (D:1)
  4 quokkas
  4 frilled lizards
  2 goblin skeletons (Ossuary)
  19 kobolds
  3 kobold skeletons (Ossuary)
  3 orc skeletons (Ossuary)
  12 rats
  11 rat skeletons (Ossuary)
420 creatures vanquished.

Notes
Turn   | Place    | Note
-------+----------+-------------------------------------------
     0 | D:1      | Nick1 the Formicid Fighter began the quest for the Orb.
     0 | D:1      | Reached XP level 1. HP: 18/18 MP: 1/1
    10 | D:1      | Noticed a bullfrog
    32 | D:1      | Got Ruvox's Precepts of Vicissitude
   167 | D:1      | Reached XP level 2. HP: 24/24 MP: 2/2
   340 | D:1      | Reached XP level 3. HP: 30/30 MP: 3/3
   768 | D:2      | Noticed Natasha
   771 | D:2      | Killed Natasha
   772 | D:2      | Reached XP level 4. HP: 37/37 MP: 4/4
   842 | D:2      | Found a faded altar of an unknown god.
   847 | D:2      | Noticed Jessica
   854 | D:2      | Reached skill level 3 in Axes
   854 | D:2      | Killed Jessica
   855 | D:2      | Reached XP level 5. HP: 28/42 MP: 5/5
   962 | D:2      | Found Lupheiwn's Armour Shop.
  1144 | D:2      | Noticed Natasha
  1153 | D:2      | Killed Natasha
  1354 | D:2      | You fall into a shaft and drop 1 floor!
  1385 | D:3      | Found a glowing drain.
  1389 | D:3      | Reached skill level 4 in Axes
  1410 | Sewer    | Entered a sewer
  1434 | Sewer    | Noticed a water moccasin
  1448 | Sewer    | Killed a water moccasin
  1449 | Sewer    | Reached XP level 6. HP: 7/48 MP: 6/6
  1928 | D:3      | Reached skill level 5 in Shields
  2097 | D:3      | Reached skill level 5 in Axes
  2466 | D:2      | Noticed Natasha
  2474 | D:2      | Killed Natasha
  2475 | D:2      | Reached XP level 7. HP: 55/55 MP: 7/7
  2510 | D:2      | Bought a +0 plate armour for 230 gold pieces
  2794 | D:4      | Noticed Eustachio
  2820 | D:4      | Killed Eustachio
  2925 | D:4      | Reached skill level 1 in Throwing
  2997 | D:4      | Noticed Blork the orc
  3010 | D:4      | Killed Blork the orc
  3022 | D:4      | Reached skill level 5 in Fighting
  3064 | D:4      | Reached skill level 6 in Axes
  3064 | D:4      | Reached XP level 8. HP: 59/62 MP: 8/8
  3064 | D:4      | Noticed Grinder
  3078 | D:4      | Killed Grinder
  3570 | D:5      | Entered Level 5 of the Dungeon
  3612 | D:5      | Noticed Sigmund
  3620 | D:5      | Killed Sigmund
  3621 | D:5      | Reached skill level 7 in Axes
  3758 | D:5      | Found Yckazumn's Book Emporium.
  3822 | D:5      | Reached skill level 5 in Armour
  3822 | D:5      | Reached XP level 9. HP: 55/69 MP: 9/9
  4357 | D:5      | Noticed Menkaure
  4360 | D:5      | Killed Menkaure
  4361 | D:5      | Reached skill level 8 in Axes
  4792 | D:6      | Noticed gay420's ghost (novice DECj)
  4796 | D:6      | Found a runed translucent door.
  5174 | D:6      | Found a staircase to the Ecumenical Temple.
  5182 | Temple   | Entered the Ecumenical Temple
  5376 | Temple   | Became a worshipper of Warmaster Okawaru
  5568 | D:7      | Reached skill level 9 in Axes
  5569 | D:7      | Reached skill level 1 in Dodging
  5570 | D:7      | Reached XP level 10. HP: 57/76 MP: 10/10
  5591 | D:7      | Reached * piety under Okawaru
  5762 | D:7      | Reached skill level 5 in Throwing
  5826 | D:7      | Found a transporter.
  5880 | D:7      | Reached skill level 10 in Axes
  6265 | D:7      | Found a transporter.
  6303 | D:7      | Noticed a green ugly thing
  6307 | D:7      | Found a one-way gate to the infinite horrors of the Abyss.
  6307 | D:7      | Noticed monsoonserge's ghost (novice DsMo)
  6585 | D:8      | Found a sand-covered staircase.
  6590 | Ossuary  | Entered an ossuary
  6724 | Ossuary  | Gained mutation: You are partially covered in iridescent
                  | scales. (AC +2) [potion of mutation]
  6724 | Ossuary  | Gained mutation: You have sharp toenails. [potion of
                  | mutation]
  6724 | Ossuary  | Gained mutation: Your spells are a little harder to cast,
                  | but a little more powerful. [potion of mutation]
  6725 | Ossuary  | Lost mutation: Your spells are a little harder to cast, but
                  | a little more powerful. [potion of mutation]
  6725 | Ossuary  | Lost mutation: You have sharp toenails. [potion of
                  | mutation]
  6725 | Ossuary  | Lost mutation: You are partially covered in iridescent
                  | scales. (AC +2) [potion of mutation]
  6725 | Ossuary  | Gained mutation: Your flesh is heat resistant. (rF+)
                  | [potion of mutation]
  6725 | Ossuary  | Gained mutation: You are strong-willed. (Will+) [potion of
                  | mutation]
  6725 | Ossuary  | Gained mutation: You are partially covered in large bone
                  | plates. (SH +4) [potion of mutation]
  6726 | Ossuary  | Lost mutation: You are partially covered in large bone
                  | plates. (SH +4) [potion of mutation]
  6726 | Ossuary  | Lost mutation: You are strong-willed. (Will+) [potion of
                  | mutation]
  6726 | Ossuary  | Gained mutation: You possess an exceptional clarity of
                  | mind. [potion of mutation]
  6726 | Ossuary  | Gained mutation: You are clumsy. (Dex -2) [potion of
                  | mutation]
  6726 | Ossuary  | Gained mutation: You have sharp fingernails. [potion of
                  | mutation]
  7087 | D:8      | Found a staircase to the Lair.
  7090 | D:8      | Reached ** piety under Okawaru
  7464 | Lair:1   | Entered Level 1 of the Lair of Beasts
  7464 | Lair:1   | Noticed a komodo dragon
  7469 | Lair:1   | Killed a komodo dragon
  7470 | Lair:1   | Reached skill level 11 in Axes
  7470 | Lair:1   | Reached XP level 11. HP: 84/84 MP: 8/11
  7530 | Lair:1   | Reached skill level 1 in Invocations
  7587 | Lair:1   | You fall into a shaft and drop 1 floor!
  7626 | Lair:1   | Reached *** piety under Okawaru
  7767 | Lair:1   | Received a gift from Okawaru
  8176 | Lair:1   | Reached **** piety under Okawaru
  8177 | Lair:1   | Reached skill level 12 in Axes
  8376 | Lair:2   | Noticed an elephant
  8376 | Lair:2   | Noticed an elephant
  8381 | Lair:2   | Noticed an elephant
  8385 | Lair:2   | Killed an elephant
  8385 | Lair:2   | Noticed an elephant
  8389 | Lair:2   | Noticed an elephant
  8391 | Lair:2   | Killed an elephant
  8394 | Lair:2   | Killed an elephant
  8400 | Lair:2   | Killed an elephant
  8402 | Lair:2   | Killed an elephant
  8430 | Lair:2   | Noticed Gastronok
  8445 | Lair:2   | Killed Gastronok
  8446 | Lair:2   | Reached skill level 5 in Invocations
  8446 | Lair:2   | Reached XP level 12. HP: 48/93 MP: 15/15
  8452 | Lair:2   | Identified the +9 falchion of Mana {drain, Str+4}
  8474 | Lair:2   | Reached ***** piety under Okawaru
  9096 | Lair:2   | Reached skill level 13 in Axes
  9212 | Lair:3   | Found a hole to the Spider Nest.
  9212 | Lair:3   | Noticed a pharaoh ant
  9218 | Lair:3   | Killed a pharaoh ant
  9298 | Lair:3   | Received a gift from Okawaru
  9407 | Lair:3   | Found a staircase to the Shoals.
  9509 | Lair:3   | Found a sacrificial altar of Ru.
  9846 | Lair:4   | Received a gift from Okawaru
  9847 | Lair:4   | Reached XP level 13. HP: 93/101 MP: 18/18
  9971 | Lair:4   | Reached skill level 14 in Axes
 10001 | Lair:4   | Found a staircase to the Slime Pits.
 10465 | Lair:5   | Entered Level 5 of the Lair of Beasts
 10528 | Lair:5   | Identified the +8 quarterstaff of Slow Death {freeze,
                  | *Corrode Fly Str+6 SInv}
 10538 | Lair:5   | Noticed an eight-headed hydra
 10829 | Lair:5   | Noticed a catoblepas
 10832 | Arena    | Entered the Arena
 10838 | Arena    | Killed a catoblepas
 11039 | Lair:5   | Noticed a catoblepas
 11059 | Lair:5   | Killed a catoblepas
 11086 | Lair:5   | Slain by a death yak

Illustrated notes

Levels and vault maps discovered:
D:1:      evilmike_arrival_come_back, layout_basic, serial_park_tiny_pond,
          minivault_19
D:2:      layout_basic, serial_shops, shop, nicolae_ecumenical_snake_handling,
          uniq_natasha, uniq_jessica
D:3:      minmay_bubble_buster, layout_loops_ring, portal_sewer_entry_a,
          nrook_mini_backslash, grunt_ministairs_10
D:4:      layout_loops_ring, minmay_fractal_squares_5, uniq_grinder,
          uniq_blork_the_orc, uniq_eustachio
D:5:      layout_basic, serial_shops, shop, minivault_24, uniq_menkaure,
          uniq_sigmund
D:6:      layout_gridville, minmay_temple_entry_glassed_door,
          hellmonk_ghost_happy_afterlife, grunt_decor_one_mirror,
          grunt_ministairs_13
D:7:      layout_gridville, gammafunk_ghost_abyssal_escape, grunt_ministairs_3,
          hangedman_misty_isle
D:8:      layout_basic, erik_lair_orcish_takeover, enter_ossuary_5
Temple:   mainiacjoe_temple_archimedes_tessellation
Lair:1:   minmay_lair_venomous_thicket, layout_long_grid, serial_bayou_shore_a
Lair:2:   wander_river, layout_cave_pods, minivault_24, uniq_gastronok
Lair:3:   layout_misc_corridors, elwin_shoals_entry_rooms,
          nicolae_spider_entry_lesser_pyramids, basic_altar,
          nicolae_quartered_pool_super
Lair:4:   layout_long_grid, slime_entry_1, serial_bayou_shore_b,
          grunt_megastairs_3
Lair:5:   evilmike_catoblepas_cave, layout_cave_shapes,
          dreamdust_mushroom_princess, st_stairs_9, infiniplex_staircase_pool,
          grunt_megastairs_2

Skill      XL: |  1  2  3  4  5  6  7  8  9 10 11 12 13 |
---------------+----------------------------------------+-----
Fighting       | 4 5 6 7 8 9 |  9.9
Axes           | 3 4 5 6 7 9 11 12 13 14 | 14.8
Armour         | 4 5 7 8 9 |  9.0
Shields        | 5 6 7 8 9 |  9.1
Throwing       | 1 2 4 5 6 7 |  7.5
Dodging        | 1 |  1.5
Invocations    | 5 7 9 |  9.3
Stealth        | |  0.7
Evocations     | |  0.4

Action                     |  1- 3 |  4- 6 |  7- 9 | 10-12 | 13-15 || total
---------------------------+-------+-------+-------+-------+-------++-------
  Melee: War axe           |    85 |   159 |   212 |    94 |       ||   550
         Battleaxe         |       |       |       |   358 |   132 ||   490
  Throw: Dart              |       |     8 |   104 |   125 |    39 ||   276
 Invoke: Heroism           |       |       |       |     5 |     3 ||     8
         Finesse           |       |       |       |     2 |     1 ||     3
         Duel              |       |       |       |       |     1 ||     1
  Evoke: Wand              |       |       |     3 |       |       ||     3
    Use: Scroll            |     3 |     1 |     7 |     5 |       ||    16
         Potion            |       |     2 |       |     3 |     2 ||     7
 Armour: Scale mail        |    50 |    49 |       |       |       ||    99
         Chain mail        |       |    27 |       |       |       ||    27
         Plate armour      |       |       |   121 |   219 |    69 ||   409
  Dodge: Dodged            |    51 |    76 |    63 |   146 |    46 ||   382
  Block: Buckler           |    24 |    24 |    20 |   146 |    36 ||   250
         Kite shield       |       |    42 |    70 |       |       ||   112
